 Dungeon Crawl Stone Soup version 0.31-a0-354-g827e0957a7 (webtiles) character file.

Game seed: 4149369482140188562

7 zazu2006 the Prestidigitator (level 2, 0/19 HPs)
             Began as a Gnoll Wanderer on July 23, 2023.
             Constricted to death by a ball python (1 damage)
             ... on level 1 of the Dungeon.
             The game lasted 00:00:34 (277 turns).

zazu2006 the Prestidigitator (Gnoll Wanderer)        Turns: 277, Time: 00:00:34

Health: 0/19       AC:  3    Str:  9    XL:     2   Next: 4%
Magic:  5/5        EV:  8    Int: 10    God:
Gold:   50         SH:  0    Dex: 14    Spells: 6/6 levels left

rFire   . . .        a - +0 quarterstaff
rCold   . . .        (shield currently unavailable)
rNeg    . . .        e - +0 robe
rPois   .            c - +0 helmet
rElec   .            (no cloak)
rCorr   .            (no gloves)
SInv    .            (no boots)
Will    .....        (no amulet)
Stlth   +++          (no ring)
HPRegen 0.23/turn    (no ring)
MPRegen 0.09/turn

%: no passive effects
@: constricted
A: fangs 1, strong nose, distributed training
a: no special abilities


You were on level 1 of the Dungeon.
You visited 1 branch of the dungeon, and saw 1 of its levels.

You collected 50 gold pieces.

Inventory:

Hand Weapons
 a - a +0 quarterstaff (weapon)
Armour
 c - a +0 helmet (worn)
 e - a +0 robe (worn)
Jewellery
 l - a ring of poison resistance
Wands
 b - a wand of roots (4) (quivered)
Scrolls
 f - a scroll of fear {unknown}
 g - a scroll of identify {unknown}
 h - 2 scrolls of acquirement {unknown}
Potions
 d - a potion of haste
 i - a potion of attraction {unknown}
 j - a potion of enlightenment {unknown}
 k - a potion of might {unknown}


   Skills:
 + Level 0.2 Fighting
 + Level 0.2 Short Blades
 + Level 0.2 Long Blades
 + Level 0.2 Axes
 + Level 0.2 Maces & Flails
 + Level 0.2 Polearms
 + Level 2.4 Staves
 + Level 0.2 Ranged Weapons
 + Level 0.2 Throwing
 + Level 4.4 Armour
 + Level 0.2 Dodging
 + Level 4.0 Stealth
 + Level 0.2 Shields
 + Level 0.2 Unarmed Combat
 + Level 2.6 Spellcasting
 + Level 0.1 Conjurations
 + Level 0.1 Hexes
 + Level 0.1 Summonings
 + Level 0.1 Necromancy
 + Level 0.1 Translocations
 + Level 0.1 Transmutations
 + Level 0.1 Fire Magic
 + Level 0.1 Ice Magic
 + Level 0.1 Air Magic
 + Level 0.1 Earth Magic
 + Level 0.1 Poison Magic
 + Level 0.3 Invocations
 + Level 8.4 Evocations
 + Level 0.1 Shapeshifting


You had 6 spell levels left.
You didn't know any spells.
Your spell library was empty.

Dungeon Overview and Level Annotations

Branches:
Dungeon (1/15)

Altars:


Innate Abilities, Weirdness & Mutations

You have very sharp teeth.
Your uncanny sense of smell can sniff out nearby items.
Your experience applies equally to all skills.


Message History

You see here a jackal corpse.
The jackal bites you. x2
You see here a jackal corpse.
The jackal completely misses you.
You see here a jackal corpse.
You barely miss the jackal.
The jackal bites you but does no damage. x2
The jackal bites you.
The ball python hisses angrily.
You hit the jackal but do no damage.
The jackal bites you but does no damage. x2
The jackal closely misses you. x2
The jackal attacks as you move away! The jackal closely misses you.
You hit the jackal.
You kill the jackal!
The jackal barely misses you.
You hit the jackal.
The jackal is moderately wounded.
The jackal bites you but does no damage. x2
You closely miss the jackal.
The jackal is moderately wounded.
The jackal bites you.
You hit the jackal.
You kill the jackal!
The ball python bites you. The ball python barely misses you.
You have reached level 2!
Unknown command.
You hit the ball python but do no damage.
Your bite misses the ball python. The ball python closely misses you. x2
You barely miss the ball python. The ball python bites you.
The ball python grabs you. The ball python constricts you.
The ball python bites you.
* * * LOW HITPOINT WARNING * * *
The ball python constricts you.
You closely miss the ball python. The ball python barely misses you.
The ball python constricts you.
You closely miss the ball python. The ball python bites you.
* * * LOW HITPOINT WARNING * * *
The ball python constricts you.
You die...

#...≈≈≈≈......≈≈≈≈≈.....#
#..≈....≈≈≈≈.......≈....#
##..≈≈......≈....≈≈.....#
##.[.≈..≈.<....≈...##..#
####.≈.≈.≈≈≈≈≈..#.....#
#...≈.......##.###.#
###.≈...≈.##...# #.#
#.≈...≈.#..### #.#
#..≈.≈..#@## #..
##..≈..##S# ###
##...#..h#####
#...........S.
......#........h..
..#####...........
############ ∆


You could see a jackal and a ball python.

Vanquished Creatures
  A goblin (D:1)
  A hobgoblin (D:1)
  3 jackals (D:1)
  A frilled lizard (D:1)
6 creatures vanquished.

Notes
Turn   | Place    | Note
-------+----------+-------------------------------------------
     0 | D:1      | zazu2006 the Gnoll Wanderer began the quest for the Orb.
     0 | D:1      | zazu2006 set off with the following items: a +0
                  | quarterstaff, a wand of roots (4), a +0 helmet, a potion of
                  | haste, a +0 robe.
     0 | D:1      | Reached XP level 1. HP: 13/13 MP: 4/4
   274 | D:1      | Reached XP level 2. HP: 8/19 MP: 5/5
   277 | D:1      | Constricted to death by a ball python

Illustrated notes

Levels and vault maps discovered:
D:1:      ebering_trefoil_3fold, layout_basic

Action                     || total
---------------------------++-------
  Melee: Quarterstaff      ||    19
   Stab: Sleeping          ||     1
 Armour: Robe              ||    10
  Dodge: Dodged            ||    16

Table legend: (Time is in decaauts)
 A = Elapsed time spent in this place.
 B = Non-inter-level travel time spent in this place.
 C = Inter-level travel time spent in this place.
 D = Time resting spent in this place.
 E = Time spent auto-exploring this place.
 F = Levels seen in this place.
 G = Mean time per level.
                   A        B        C        D        E       F      G
               +--------+--------+--------+--------+--------+-----+--------+
         Total |    280 |    280 |      0 |      0 |    215 |   1 |  280.0 |
       Dungeon |    280 |    280 |      0 |      0 |    215 |   1 |  280.0 |
               +--------+--------+--------+--------+--------+-----+--------+

Top non-repeatable levels by time:
     D:1: 280 daAuts
